 Dungeon Crawl Stone Soup version 0.30-a0-364-gf6b3ef1049 (webtiles) character file.

Game seed: 726618663395310380

28 ytrimaz the Shield-Bearer (level 3, -9/29 HPs)
             Began as a Formicid Fighter on Nov 15, 2022.
             Shot with a sling bullet by a hobgoblin (11 damage)
             ... on level 2 of the Dungeon.
             The game lasted 00:00:49 (864 turns).

ytrimaz the Shield-Bearer (Formicid Fighter)         Turns: 864, Time: 00:00:49

Health: -9/29      AC:  6    Str: 20    XL:     3   Next: 27%
Magic:  3/3        EV:  9    Int:  7    God:
Gold:   31         SH:  5    Dex: 15    Spells: 2/2 levels left

rFire   . . .      SeeInvis +    a - +0 war axe
rCold   . . .      Faith    .    c - +0 buckler
rNeg    . . .      Spirit   .    b - +0 scale mail
rPois   .          Reflect  .    (helmet unavailable)
rElec   .          Harm     .    (no cloak)
rCorr   .          Rampage  .    (no gloves)
Will    +....                    (no boots)
Stlth   ..........               (no amulet)
HPRegen 0.24/turn                h - ring of willpower
MPRegen 0.08/turn                (no ring)

@: lethally poisoned (-9 -> -15)
A: permanent stasis, dig shafts and tunnels, antennae 3, four strong arms
a: Dig, Shaft Self


You were on level 2 of the Dungeon.
You visited 1 branch of the dungeon, and saw 2 of its levels.

You collected 31 gold pieces.


Innate Abilities, Weirdness & Mutations

You cannot be hasted, slowed, berserked, paralysed or teleported.
You can dig through walls and to a lower floor.
You have a pair of large antennae on your head. (SInv)
Your four strong arms can wield two-handed weapons with a shield.


   Skills:
 - Level 3.2 Fighting
 + Level 3.5 Axes
 - Level 3.2 Armour
 - Level 4.0 Shields


You had 2 spell levels left.
You didn't know any spells.
Your spell library contained the following spells:

 Spells                   Type           Power      Damage    Failure   Level
 Call Imp                 Summ           0%         N/A       94%         2
 Hailstorm                Conj/Ice       0%         3d3       99%         3
 Ignite Poison            Fire/Tmut/Pois 0%         N/A       99%         3
 Kindle Blastsparks       Fire/Tloc/Air  0%         2d10      99%         3
 Animate Armour           Summ/Erth      0%         N/A       100%        4
 Ice Form                 Ice/Tmut       0%         N/A       100%        4
 Freezing Cloud           Conj/Ice/Air   0%         6-21      100%        5

Inventory:

Hand Weapons
 a - a +0 war axe (weapon)
 f - a +0 vorpal hand axe
   (You found it on level 1 of the Dungeon)
Armour
 b - a +0 scale mail (worn)
 c - a +0 buckler (worn)
 l - a +0 leather armour of fire resistance
   (You found it on level 2 of the Dungeon)
Jewellery
 h - a ring of willpower (left hand)
   (You found it on level 2 of the Dungeon)
 k - an amulet of the acrobat
   (You found it on level 2 of the Dungeon)
Scrolls
 e - a scroll of identify
 j - a scroll of vulnerability
Potions
 d - a potion of might
 g - a potion of brilliance
 i - a potion of magic

Dungeon Overview and Level Annotations

Branches:
Dungeon (2/15) Zot: 11116

Altars:

####......[............
................#.#....
#................#....
.#...##.............###
.?.........###.....?#
#........##...#.....#
###........##.#.#...#.#
#..........#..#.#...# .
..<...S@.....##.....#
..#...........#....>#{
#........##..... ..
#.................
....##....>...#....
g..##.............. .#.
#....#...##.<.. #
.........= ..


You could see an adder and a hobgoblin.


Message History

No target in view!
h - a ring of willpower (left hand)
A ball python comes into view.
The ball python hisses angrily.
A ball python is nearby!
You slash the ball python!
You kill the ball python!
No target in view!
Found an escape hatch in the floor.
No target in view!
Unknown command.
k - an amulet of the acrobat A giant cockroach comes into view.
Found a stone staircase leading down and a stone staircase leading up.
Found an escape hatch in the ceiling.
The giant cockroach barely misses you.
You slash the giant cockroach!
You kill the giant cockroach!
Unknown command.
No target in view!
No target in view!
A hobgoblin comes into view.
You see here a +0 leather armour of fire resistance.
l - a +0 leather armour of fire resistance An adder comes into view.
The adder hisses angrily.
You miss the adder. You block the adder's attack.
You barely miss the adder. The adder bites you but does no damage.
The adder bites you.
You are poisoned.
The adder poisons you!
You slash the adder!
You feel sick. The adder closely misses you. 😕 HP[-4]
You take 4 damage, and now have 25/29 hp.
You closely miss the adder.
You feel sick. You block the adder's attack. The adder bites you.
You are more poisoned.
The adder poisons you! 😮 HP[-4]
You take 4 damage, and now have 21/29 hp.
You hit the adder.
You feel sick. The adder bites you.
The adder bites you but does no damage. 😮 HP[-3]
You take 3 damage, and now have 18/29 hp.
You are too injured to fight recklessly!
You closely miss the adder.
You feel sick. The adder bites you but does no damage.
You are too injured to fight recklessly!
Unknown command.
You miss the adder.
You feel sick.
The adder bites you but does no damage. x2 😮 HP[-2]
You take 2 damage, and now have 16/29 hp.
You are too injured to fight recklessly!
You closely miss the adder.
You feel sick. The adder bites you but does no damage.
The adder barely misses you. 😮 HP[-1]
You take 1 damage, and now have 15/29 hp.
Unknown command.
You closely miss the adder.
You feel sick.
You are no longer poisoned.
You block the adder's attack. The adder closely misses you.
You are too injured to fight recklessly!
You closely miss the adder. The adder bites you.
* * * LOW HITPOINT WARNING * * *
The adder bites you.
* * * LOW HITPOINT WARNING * * *
Unknown command. 😨 HP[-5]
You take 5 damage, and now have 10/29 hp.
You closely miss the adder. The adder closely misses you.
Unknown command.
You barely miss the adder. The adder bites you.
* * * LOW HITPOINT WARNING * * *
The adder bites you but does no damage.
You closely miss the adder. The adder closely misses you.
The adder barely misses you.
Unknown command.
You barely miss the adder. The adder barely misses you.
The adder bites you but does no damage.
Unknown command.
You barely miss the adder. The adder barely misses you. The adder bites you.
* * * LOW HITPOINT WARNING * * *
You are poisoned.
The adder poisons you!
You closely miss the adder.
You feel sick. The adder barely misses you. 😨 HP[-2]
You take 2 damage, and now have 8/29 hp.
Unknown command.
You barely miss the adder.
You feel sick. The adder bites you.
* * * LOW HITPOINT WARNING * * *
You are lethally poisoned!
The adder poisons you!
The adder bites you but does no damage. 😱 HP[-4]
You take 4 damage, and now have 4/29 hp.
You closely miss the adder.
* * * LOW HITPOINT WARNING * * *
You feel very sick.
The hobgoblin shouts!
The adder bites you but does no damage.
The hobgoblin shoots a sling bullet.
The sling bullet hits you!
You die...

Skill      XL: |  1  2 |
---------------+-------+-----
Axes           | 3 |  3.5
Fighting       | |  3.2
Armour         | |  3.2
Shields        | |  4.0

Action                   || total
-------------------------++-------
Melee: War axe           ||    50
  Use: Scroll            ||     4
Armor: Scale mail        ||    23
Dodge: Dodged            ||    22
Block: Buckler           ||    10

Levels and vault maps discovered:
D:1:      wheals_arrival_linesprint, layout_loops_ring
D:2:      layout_rooms

Notes
Turn   | Place    | Note
-------+----------+-------------------------------------------
     0 | D:1      | ytrimaz the Formicid Fighter began the quest for the Orb.
     0 | D:1      | Reached XP level 1. HP: 18/18 MP: 1/1
     0 | D:1      | magus.rc [v1.9.6]
   178 | D:1      | Reached XP level 2. HP: 24/24 MP: 2/2
   182 | D:1      | You add the spells Kindle Blastsparks, Ignite Poison and
                  | Freezing Cloud to your library.
   308 | D:1      | Reached skill level 3 in Axes
   373 | D:1      | Reached XP level 3. HP: 27/29 MP: 3/3
   816 | D:2      | You add the spells Call Imp, Hailstorm, Ice Form and
                  | Animate Armour to your library.
   816 | D:2      | Got Eciemm's Tome of United Cold
   863 | D:2      | HP: 7/29 [poisoned by an adder]
   863 | D:2      | Identified the +11 sling "Rapreh" {vorpal, rPois rN+ Dex-2}
   864 | D:2      | HP: 2/29 [poisoned by an adder]
   864 | D:2      | Shot with a sling bullet by a hobgoblin

Vanquished Creatures
  A gnoll (D:1)
  A dart slug (D:1)
  3 ball pythons
  A bat (D:1)
  2 endoplasms (D:1)
  A giant cockroach (D:2)
  A hobgoblin (D:1)
  A quokka (D:1)
  A frilled lizard (D:1)
  2 kobolds (D:1)
  A rat (D:1)
15 creatures vanquished.

Table legend:
 A = Non-vault XP
 B = Vault XP
 C = Vault XP percentage of total XP
 D = Non-vault monster count
 E = Vault monster count
 F = Vault count percentage of total count
                 A         B        C        D         E       F
            +---------+---------+-------+---------+---------+-------
      Total |      40 |       0 |   0.0 |      15 |       0 |   0.0
            +---------+---------+-------+---------+---------+-------
        D:1 |      36 |       0 |   0.0 |      13 |       0 |   0.0
        D:2 |       4 |       0 |   0.0 |       2 |       0 |   0.0
            +---------+---------+-------+---------+---------+-------

Illustrated notes

Table legend:
 A = Kills in this place as a percentage of kills in entire the game.
 B = Kills by you in this place as a percentage of kills by you in the entire game.
 C = Kills by friends in this place as a percentage of kills by friends in the entire game.
 D = Other kills in this place as a percentage of other kills in the entire game.
 E = Experience gained in this place as a percentage of experience gained in the entire game.
 F = Experience gained in this place divided by the number of levels of this place that you have seen.
                   A       B       C       D       E      F
               +-------+-------+-------+-------+-------+----------------------
         Total | 100.0 | 100.0 |   N/A |   N/A | 100.0 |  20.0
       Dungeon | 100.0 | 100.0 |   N/A |   N/A | 100.0 |  20.0
               +-------+-------+-------+-------+-------+----------------------

Table legend: (Time is in decaauts)
 A = Elapsed time spent in this place.
 B = Non-inter-level travel time spent in this place.
 C = Inter-level travel time spent in this place.
 D = Time resting spent in this place.
 E = Time spent auto-exploring this place.
 F = Levels seen in this place.
 G = Mean time per level.
                   A        B        C        D        E       F      G
               +--------+--------+--------+--------+--------+-----+--------+
         Total |    882 |    814 |     68 |      0 |    646 |   2 |  441.0 |
       Dungeon |    882 |    814 |     68 |      0 |    646 |   2 |  441.0 |
               +--------+--------+--------+--------+--------+-----+--------+

Top non-repeatable levels by time:
     D:1: 818 daAuts
     D:2: 63 daAuts
